 Dungeon Crawl Stone Soup version 0.32-a0-818-gb728d0252e (webtiles) character file.

Game seed: 16701371974585699716

1936 Morbidden the Conjurer (level 9, 0/30 (44) HPs)
             Began as a Vine Stalker Conjurer on Mar 24, 2024.
             Was a Follower of Vehumet.
             Slain by Maggie
             ... wielding a +0 broad axe of pain
              (9 damage)
             ... on level 6 of the Dungeon.
             The game lasted 00:07:51 (6674 turns).

Morbidden the Conjurer (Vine Stalker Conjurer)      Turns: 6674, Time: 00:07:52

HP:   0/30 (44)     AC:  6    Str:  9    XL:     9   Next: 17%
MP:   0/18          EV: 12    Int: 22    God:    Vehumet [*.....]
Gold: 286           SH:  0    Dex: 23    Spells: 11/19 levels left

rFire   . . .        b - +5 dagger of Eternal Vigilance {heavy, rCorr Dex+3}
rCold   . . .        (no shield)
rNeg    . . .        i - +0 leather armour
rPois   .            w - +1 helmet
rElec   .            (no cloak)
rCorr   +            h - +0 pair of gloves
SInv    .            (no boots)
Will    ++...        (no amulet)
Stlth   +++          B - +6 ring of dexterity
HPRegen 1.05/turn    D - ring of willpower
MPRegen 0.16/turn

%: guardian spirit
@: very slightly contaminated, very heavily drained
A: fangs 3, regeneration 1, magic shield, antimagic bite, no potion heal 2
a: Renounce Religion


You were on level 6 of the Dungeon.
You worshipped Vehumet.
Vehumet was aware of your devotion.
You visited 1 branch of the dungeon, and saw 6 of its levels.

You collected 286 gold pieces.

Inventory:

Hand Weapons
 a - a +0 dagger
 b - the +5 dagger of Eternal Vigilance (weapon) {heavy, rCorr Dex+3}
   (You found it on level 3 of the Dungeon)

   Dex+3:     It affects your dexterity (+3).
   rCorr:     It protects you from acid and corrosion.
Missiles
 r - 6 poisoned darts
Armour
 h - a +0 pair of gloves (worn)
 i - a +0 leather armour (worn)
 l - a +0 robe of fire resistance
 w - a +1 helmet (worn)
Jewellery
 u - a ring of fire
 B - a +6 ring of dexterity (left hand)
 D - a ring of willpower (right hand)
Talismans
 o - the beast talisman of Fuxa {rC+}
   (You found it on level 3 of the Dungeon)

   [beast talisman]

   rC+:       It protects you from cold.
Wands
 q - a wand of warping (2)
 z - a wand of digging (1)
Scrolls
 d - 2 scrolls of teleportation {unknown}
 e - 5 scrolls of identify {unknown}
 f - 2 scrolls of noise {unknown}
 g - 2 scrolls of vulnerability {unknown}
 j - 2 scrolls of blinking {unknown}
 m - a scroll of poison {unknown}
 n - a scroll of brand weapon {unknown}
 p - 4 scrolls of revelation {unknown}
 y - a scroll of fear {unknown}
 C - a scroll of amnesia {unknown}
Potions
 c - 2 potions of attraction {unknown}
 s - 2 potions of heal wounds {unknown}
 t - 4 potions of curing {unknown}
 v - a potion of lignification {unknown}
 x - a potion of ambrosia {unknown}
 A - a potion of might {unknown}


   Skills:
 * Level 3.0 Fighting
 * Level 3.0 Short Blades
 * Level 2.8 Armour
 * Level 3.3 Dodging
 + Level 3.2 Stealth
 + Level 0.1 Unarmed Combat
 * Level 5.7 Spellcasting
 * Level 6.9 Conjurations
 * Level 1.1 Necromancy
 * Level 2.7 Translocations
 * Level 2.2 Shapeshifting


You had 11 spell levels left.
You knew the following spells:

 Your Spells              Type           Power      Damage    Failure   Level
a - Magic Dart            Conj           100%       1d8       1%          1
b - Searing Ray           Conj           72%        2d7       1%          2
c - Iskenderun's Mystic   Conj/Tloc      27%        2d7       17%         4
x - Kiss of Death         Conj/Necr      96%        2d12      2%          1

Your spell library contained the following spells:

 Spells                   Type           Power      Damage    Failure   Level
 Fulminant Prism          Conj/Alch      10%        3d8       30%         4


Dungeon Overview and Level Annotations

Branches:
Dungeon (6/15)
 Temple: D:4-7

Altars:
Makhleb
Trog
Vehumet

Shops:
D:5 =

Annotations:
D:4 1 runed translucent door, flt's ghost, amateur CoAr
D:6 Maggie


Innate Abilities, Weirdness & Mutations

You have razor-sharp teeth.
Your natural rate of healing is unusually fast.
When hurt, damage is shared between your health and your magic reserves.
Your bite disrupts and absorbs the magic of your enemies.
Potions cannot restore your health.


Message History

Unknown command.
Casting: Searing Ray (safe; 1% risk of failure)
Confirm with . or Enter, or press ? or * to list all spells.
You miscast Iskenderun's Mystic Blast.
You are very lightly contaminated with residual magic.
You are caught in a field of spatial distortion.
You are magically locked in place.
Maggie hits you with a +0 broad axe of pain.
You writhe in agony.
Unknown command.
Unknown command.
Unknown command.
Casting: Iskenderun's Mystic Blast (quite dangerous; 17% risk of failure)
Confirm with . or Enter, or press ? or * to list all spells.
You miscast Iskenderun's Mystic Blast.
Strange energies run through your body!
Maggie hits you with a +0 broad axe of pain!
* * * LOW HITPOINT WARNING * * *
You writhe in agony.
* * * LOW HITPOINT WARNING * * *
Unknown command.
Unknown command.
Unknown command.
Unknown command.
Unknown command.
Casting: Iskenderun's Mystic Blast (quite dangerous; 17% risk of failure)
Confirm with . or Enter, or press ? or * to list all spells.
You don't have enough magic to cast this spell.
Unknown command.
Casting: Iskenderun's Mystic Blast (quite dangerous; 17% risk of failure)
Confirm with . or Enter, or press ? or * to list all spells.
Aiming: Kiss of Death (safe; 2% risk of failure)
Press: ? - help, Shift-Dir - straight line, f/p - Maggie
Aim: Maggie, wielding a +0 broad axe of pain and wearing +0 acid dragon scales (heavily wounded, lightly drained, 100% to hit)
The fragment of death hits Maggie!
Maggie is drained!
Maggie is almost dead.
You feel drained.
You are no longer firmly anchored in space.
You are no longer robbed of momentum.
Maggie hits you with a +0 broad axe of pain!
You die...

#.@...# #....e# #....# #...e#
#....### #....[.# #.####.#
####### #.# #@# #.....# #.# #@#
#.....####'######
#...............#
#...............# #########
#...............####.......#
#.............†....'.......#####
#...............####.......#....
#####..............#.......#....
#............#.#.......#....


You could see Maggie (very drained).

Vanquished Creatures
  A kobold demonologist (D:6)
  Sigmund (D:3)
  Duvessa (D:6)
  A water moccasin (D:6)
  A sky beast (D:6)
  2 ice beasts
  A phantom (D:4)
  5 scorpions
  Dowan (D:6)
  A howler monkey (D:5)
  A bombardier beetle (D:6)
  A jelly (D:6)
  3 orc priests
  2 hounds
  Terence (D:2)
  A sleepcap (D:5)
  2 iguanas (D:5)
  Robin (D:3)
  3 gnolls (D:6)
  12 adders
  A shadow imp (D:6)
  A white imp (D:5)
  2 ufetubi (D:5)
  2 ribbon worms
  A dart slug (D:4)
  13 orcs
  7 ball pythons
  8 endoplasms
  3 giant cockroaches
  20 goblins
  10 hobgoblins
  4 jackals (D:1)
  A kobold (D:1)
  4 quokkas
  7 bats
  3 frilled lizards
  2 rats
131 creatures vanquished.

Notes
Turn   | Place    | Note
-------+----------+-------------------------------------------
     0 | D:1      | Morbidden the Vine Stalker Conjurer began the quest for the
                  | Orb.
     0 | D:1      | Reached XP level 1. HP: 9/9 MP: 4/4
   173 | D:1      | Reached XP level 2. HP: 14/14 MP: 3/6
   324 | D:1      | Reached skill level 1 in Fighting
   494 | D:1      | Reached XP level 3. HP: 18/18 MP: 0/7
  1040 | D:2      | Noticed Terence
  1135 | D:3      | Noticed Sigmund
  1140 | D:3      | Identified the +5 dagger of Eternal Vigilance {heavy, rCorr
                  | Dex+3}
  1158 | D:3      | Killed Sigmund
  1159 | D:3      | Reached skill level 5 in Conjurations
  1159 | D:3      | Reached XP level 4. HP: 23/23 MP: 2/10
  1159 | D:3      | Reached XP level 5. HP: 26/26 MP: 2/11
  1359 | D:3      | Noticed Robin
  1369 | D:3      | Reached skill level 1 in Armour
  1379 | D:3      | Killed Robin
  1380 | D:3      | Reached XP level 6. HP: 30/30 MP: 1/12
  1383 | D:3      | Reached skill level 1 in Short Blades
  1651 | D:3      | Identified the beast talisman of Fuxa {rC+}
  2193 | D:3      | Learned a level 2 spell: Searing Ray
  2208 | D:3      | Learned a level 4 spell: Iskenderun's Mystic Blast
  2546 | D:2      | Killed Terence
  2547 | D:2      | Reached skill level 1 in Translocations
  3645 | D:4      | Noticed an ice beast
  3652 | D:4      | Killed an ice beast
  3653 | D:4      | Reached XP level 7. HP: 27/35 MP: 4/13
  3759 | D:4      | Reached skill level 1 in Shapeshifting
  3784 | D:4      | Found a bloodstained altar of Trog.
  3818 | D:4      | Found a runed translucent door.
  3819 | D:4      | Noticed a yak
  3820 | D:4      | Noticed flt's ghost (amateur CoAr)
  4261 | D:4      | Found a radiant altar of Vehumet.
  4412 | D:4      | Became a worshipper of Vehumet
  4470 | D:5      | Entered Level 5 of the Dungeon
  4817 | D:5      | Found a burning altar of Makhleb.
  4823 | D:5      | Gained mutation: You have razor-sharp teeth. [Vine Stalker
                  | growth]
  4823 | D:5      | Reached XP level 8. HP: 37/39 MP: 9/15
  5255 | D:5      | Found Kelobbus's Jewellery Boutique.
  5330 | D:5      | Reached skill level 6 in Conjurations
  5859 | D:6      | Reached * piety under Vehumet
  5859 | D:6      | Offered knowledge of Kiss of Death by Vehumet.
  5987 | D:6      | Learned a level 1 spell: Kiss of Death
  6077 | D:6      | Reached skill level 5 in Spellcasting
  6426 | D:6      | Noticed Duvessa
  6427 | D:6      | Noticed a kobold demonologist
  6428 | D:6      | Noticed Maggie
  6430 | D:6      | Noticed Dowan
  6447 | D:6      | Killed Duvessa
  6447 | D:6      | Noticed an orange demon
  6451 | D:6      | Noticed a sun demon
  6451 | D:6      | Killed a kobold demonologist
  6452 | D:6      | Reached skill level 1 in Necromancy
  6452 | D:6      | Reached XP level 9. HP: 42/44 MP: 1/18
  6455 | D:6      | Killed Dowan
  6674 | D:6      | Slain by Maggie

Illustrated notes

Levels and vault maps discovered:
D:1:      lemuel_arrival_behind_the_door_small, layout_loops_ring,
          nicolae_kite_square_tiling_tiny
D:2:      layout_loops_ring, hex_medium, nicolae_eternal_life, uniq_terence
D:3:      layout_basic, uniq_sigmund, uniq_robin
D:4:      layout_rooms, lemuel_coloured_pillars_altar,
          mainiacjoe_overflow_alcove_4, ebering_ghost_inner_flame, minmay_bent
D:5:      layout_rooms, makhleb_heckhound_becter, serial_shops, shop,
          minmay_misc_feat_nine_boxes
D:6:      layout_basic, grunt_temple_overflow_forces_of_nature, uniq_duvessa,
          uniq_grinder, uniq_maggie

Skill      XL: |  1  2  3  4  5  6  7  8  9 |
---------------+----------------------------+-----
Fighting       | 1 2 3 |  3.0
Dodging        | 2 3 |  3.3
Spellcasting   | 3 4 5 |  5.7
Conjurations   | 5 6 |  6.9
Armour         | 1 2 |  2.8
Short Blades   | 1 2 3 |  3.0
Translocations | 1 2 |  2.7
Shapeshifting  | 1 2 |  2.2
Stealth        | 3 |  3.2
Necromancy     | 1 |  1.1
Unarmed Combat | |  0.1

Action                     |  1- 3 |  4- 6 |  7- 9 || total
---------------------------+-------+-------+-------++-------
  Melee: Unarmed           |    17 |       |       ||    17
         Bite              |     8 |    13 |     4 ||    25
         Dagger            |    13 |    73 |    14 ||   100
   Cast: Magic Dart        |    68 |    52 |   135 ||   255
         Searing Ray       |       |     4 |    19 ||    23
         Kiss of Death     |       |       |     3 ||     3
  Evoke: Wand              |       |       |     4 ||     4
    Use: Potion            |       |       |     1 ||     1
   Stab: Sleeping          |       |     1 |       ||     1
 Armour: Robe              |    22 |       |       ||    22
         Leather armour    |    10 |    74 |    46 ||   130
  Dodge: Dodged            |    31 |    76 |    45 ||   152
         Form:             |       |       |     1 ||     1
         Beast             |       |       |     1 ||     1

Table legend: (Time is in decaauts)
 A = Elapsed time spent in this place.
 B = Non-inter-level travel time spent in this place.
 C = Inter-level travel time spent in this place.
 D = Time resting spent in this place.
 E = Time spent auto-exploring this place.
 F = Levels seen in this place.
 G = Mean time per level.
                   A        B        C        D        E       F      G
               +--------+--------+--------+--------+--------+-----+--------+
         Total |   6710 |   6378 |    332 |    382 |   5132 |   6 | 1118.3 |
       Dungeon |   6710 |   6378 |    332 |    382 |   5132 |   6 | 1118.3 |
               +--------+--------+--------+--------+--------+-----+--------+

Top non-repeatable levels by time:
     D:3: 1532 daAuts
     D:5: 1402 daAuts
     D:4: 1074 daAuts
     D:1: 1027 daAuts
     D:2: 909 daAuts
     D:6: 764 daAuts
